 Dungeon Crawl Stone Soup version 0.31-a0-536-ga3e2962e35 (webtiles) character file.

Game seed: 6635186254499825937

51 MacCMillion the Stinger (level 3, 0/19 HPs)
             Began as a Tengu Venom Mage on Aug 13, 2023.
             Slain by a hound (5 damage)
             ... on level 3 of the Dungeon.
             The game lasted 00:03:54 (2376 turns).

MacCMillion the Stinger (Tengu Venom Mage)          Turns: 2376, Time: 00:03:55

Health: 0/19       AC:  2    Str:  8    XL:     3   Next: 83%
Magic:  4/8        EV: 12    Int: 17    God:
Gold:   53         SH:  0    Dex: 14    Spells: 4/7 levels left

rFire   . . .        g - +0 dagger
rCold   . . .        (no shield)
rNeg    . . .        a - +0 robe
rPois   .            (helmet restricted)
rElec   .            (no cloak)
rCorr   .            (no gloves)
SInv    .            (boots unavailable)
Will    .....        (no amulet)
Stlth   ++           (no ring)
HPRegen 0.23/turn    (no ring)
MPRegen 0.11/turn

%: no passive effects
@: no status effects
A: beak, talons 3
a: no special abilities


You were on level 3 of the Dungeon.
You visited 1 branch of the dungeon, and saw 3 of its levels.

You collected 53 gold pieces.

Inventory:

Hand Weapons
 g - a +0 dagger (weapon)
Armour
 a - a +0 robe (worn)
 o - a +0 leather armour
Jewellery
 m - a +6 ring of strength
Talismans
 c - a blade talisman
Wands
 l - a wand of light (4)
Scrolls
 d - a scroll of fog {unknown}
 e - 3 scrolls of identify {unknown}
 f - a scroll of teleportation {unknown}
 k - a scroll of poison {unknown}
Potions
 b - a potion of magic
 h - 3 potions of curing {unknown}
 i - a potion of brilliance {unknown}
 j - a potion of cancellation {unknown}
 n - a potion of heal wounds {unknown}
 p - a potion of lignification {unknown}


   Skills:
 - Level 2.1 Dodging
 - Level 2.0 Stealth
 + Level 2.9 Spellcasting
 - Level 1.0 Transmutations
 + Level 0.2 Air Magic
 + Level 3.8 Poison Magic


You had 4 spell levels left.
You knew the following spells:

 Your Spells              Type           Power      Damage    Failure   Level
a - Sting                 Tmut/Pois      40%        1d5       6%          1
b - Poisonous Vapours     Pois/Air       18%        N/A       12%         2

Your spell library contained the following spells:

 Spells                   Type           Power      Damage    Failure   Level
 Mephitic Cloud           Conj/Pois/Air  7%         N/A       30%         3
 Olgreb's Toxic Radiance  Pois           15%        N/A       34%         4
 Ozocubu's Armour         Ice            2%         N/A       47%         3
 Ozocubu's Refrigeration  Ice            1%         4d7       100%        7


Dungeon Overview and Level Annotations

Branches:
Dungeon (3/15)

Altars:


Innate Abilities, Weirdness & Mutations

You have a beak for a mouth.
You have claws for feet.


Message History

The hobgoblin is lightly wounded.
The hobgoblin hits you but does no damage.
You hit the hobgoblin.
The hobgoblin is severely wounded.
The hobgoblin barely misses you.
The sting misses the hobgoblin.
The hobgoblin hits you.
You hit the hobgoblin.
You kill the hobgoblin!
No target in view!
HP restored.
You now have 53 gold pieces (gained 12).
Found a stone staircase leading down.
Unknown command.
A hound comes into view.
A frilled lizard comes into view.
Found 14 gold pieces.
The hound barks!
You can't see any susceptible monsters within range! (Use Z to cast anyway.)
The frilled lizard hisses angrily.
You hit the hound. You claw the hound.
The hound is moderately wounded.
The hound bites you. x2
The sting misses the hound.
The hound completely misses you.
The sting misses the hound.
The hound closely misses you. The hound bites you.
The sting hits the hound.
The hound is poisoned.
The hound is moderately wounded.
The hound closely misses you.
The sting hits the hound.
The hound looks even sicker.
The hound is heavily wounded.
The hound bites you. The hound closely misses you.
The frilled lizard attacks as you move away!
The frilled lizard bites you but does no damage.
The hound bites you.
* * * LOW HITPOINT WARNING * * *
The frilled lizard attacks as you move away!
The frilled lizard misses you. The hound attacks as you move away!
The hound barely misses you. The hound attacks as you move away!
The hound closely misses you. The hound bites you.
You die...

# ...........#.....
.#
##.#..........#.#
.# #.........#....#
...
###.......##.###
...
####........##.#
#....##<.#..##.# .
#.###..........# #.
###.# #..........#
#..
#..@###......#####
.$ ##.h..##......#
#.###.l#..##......#
#......#..#########
#$........#
#.........#
.............#
.......>.......
.............##.


You could see a hound (very poisoned) and a frilled lizard.

Vanquished Creatures
  An adder (D:2)
  8 ball pythons
  4 bats
  3 endoplasms
  6 giant cockroaches
  2 goblins (D:1)
  2 hobgoblins
  2 jackals (D:2)
  2 quokkas (D:2)
  A frilled lizard (D:2)
  5 kobolds
  4 rats (D:2)
40 creatures vanquished.

Notes
Turn   | Place    | Note
-------+----------+-------------------------------------------
     0 | D:1      | MacCMillion the Tengu Venom Mage began the quest for the
                  | Orb.
     0 | D:1      | Reached XP level 1. HP: 10/10 MP: 4/4
    70 | D:1      | Reached skill level 1 in Transmutations
   243 | D:1      | Reached XP level 2. HP: 15/15 MP: 0/6
  1132 | D:2      | Reached XP level 3. HP: 19/19 MP: 4/7
  1872 | D:2      | Learned a level 2 spell: Poisonous Vapours
  2376 | D:3      | Slain by a hound

Illustrated notes

Levels and vault maps discovered:
D:1:      scummos_arrival_forest, layout_basic
D:2:      layout_basic
D:3:      layout_basic, cheibriados_altar_1

Skill      XL: |  1 |
---------------+----+-----
Transmutations | 1 |  1.0
Dodging        | |  2.1
Stealth        | |  2.0
Spellcasting   | |  2.9
Air Magic      | |  0.2
Poison Magic   | |  3.8

Action                     || total
---------------------------++-------
  Melee: Peck              ||     3
         Unarmed           ||     2
         Dagger            ||    15
         Kick              ||     4
   Cast: Sting             ||    66
 Armour: Robe              ||    14
  Dodge: Dodged            ||    34

Table legend: (Time is in decaauts)
 A = Elapsed time spent in this place.
 B = Non-inter-level travel time spent in this place.
 C = Inter-level travel time spent in this place.
 D = Time resting spent in this place.
 E = Time spent auto-exploring this place.
 F = Levels seen in this place.
 G = Mean time per level.
                   A        B        C        D        E       F      G
               +--------+--------+--------+--------+--------+-----+--------+
         Total |   2374 |   2328 |     46 |    500 |   1442 |   3 |  791.3 |
       Dungeon |   2374 |   2328 |     46 |    500 |   1442 |   3 |  791.3 |
               +--------+--------+--------+--------+--------+-----+--------+

Top non-repeatable levels by time:
     D:2: 1204 daAuts
     D:1: 960 daAuts
     D:3: 209 daAuts
